[Event "Leca Open 2022"]
[Site "Leca da Palmeira"]
[Date "2022.08.01"]
[Round "3.10"]
[White "Buscara, Sevan"]
[Black "Guia, Artur Solovyov Eloy"]
[Result "1-0"]
[ECO "C55"]
[WhiteElo "2404"]
[BlackElo "1916"]
[Annotator "RC"]
[PlyCount "107"]
[EventDate "2022.08.02"]
[EventType "swiss"]
[EventCountry "POR"]
[SourceTitle "playchess.com"]
[Source "ChessBase"]
[SourceQuality "1"]
[TimeControl "5400+30"]

1. e4 e5 2. Nf3 Nc6 3. Bc4 Nf6 4. d3 Be7 5. O-O d6 6. a4 Na5 7. Ba2 c5 8. c3 Nc6 9. Na3 O-O 10. Re1 a6 11. Nd2 Bg4 12. Qc2 Rb8 13. Nf1 Be6 14. Nc4 b5 15. Nce3 Bxa2 16. Rxa2 Re8 17. Nf5 Bf8 18. axb5 axb5 19. Bg5 h6 20. Bxf6 Qxf6 21. Ra6 Rec8 22. N1e3 g6 23. Nd5 Qd8 24. Nfe3 Ra8 25. Rea1 Rxa6 26. Rxa6 Ne7 27. Qb3 Nxd5 28. Nxd5 Qg5 29. Ne3 Rb8 30. Ra7 Qf6 31. Ng4 Qf4 32. g3 Qf3 33. Ne3 h5 34. Qd5 Qf6 35. Qc6 Qe6 36. Nd5 c4 37. dxc4 bxc4 38. Nb6 h4 39. Qc7 h3 40. f3 Qf6 41. Kf2 Re8 42. Nd5 Qe6 43. Qxc4 Rb8 44. b4 g5 45. g4 Rc8 46. Qa2 Rb8 47. Ne7+ Bxe7 48. Qxe6 fxe6 49. Rxe7 Rc8 50. b5 Rxc3 51. b6 Kf8 52. Rc7 Rb3 53. b7 Ke8 54. Rc8+ 1-0

[Event "Leca Open 2022"]
[Site "Leca da Palmeira"]
[Date "2022.08.01"]
[Round "3.11"]
[White "Jansen, Bob"]
[Black "Pierrot, Facundo"]
[Result "0-1"]
[ECO "D00"]
[WhiteElo "2162"]
[BlackElo "2371"]
[Annotator "RC"]
[PlyCount "66"]
[EventDate "2022.08.02"]
[EventType "swiss"]
[EventCountry "POR"]
[SourceTitle "playchess.com"]
[Source "ChessBase"]
[SourceQuality "1"]
[TimeControl "5400+30"]

1. d4 d5 2. Nc3 Nf6 3. Bf4 e6 4. Nb5 Na6 5. e3 Be7 6. Bd3 O-O 7. g4 c6 8. Nc3 Nb4 9. Be2 c5 10. Nf3 cxd4 11. exd4 Ne4 12. Nb1 Bd6 13. Bxd6 Qxd6 14. c3 Nc6 15. Qd3 f5 16. gxf5 exf5 17. Nfd2 f4 18. f3 Nxd2 19. Qxd2 Bf5 20. Na3 Rae8 21. O-O-O Nxd4 22. Bc4 dxc4 23. Qxd4 Qxd4 24. Rxd4 Bh3 25. Nxc4 Bg2 26. Rg1 Bxf3 27. Rf1 Bh5 28. Nd6 Re2 29. Nxb7 f3 30. Nc5 f2 31. Nd3 Bg6 32. h4 h6 33. c4 Rf3 0-1

[Event "Leca Open 2022"]
[Site "Leca da Palmeira"]
[Date "2022.08.01"]
[Round "3.12"]
[White "Modi, Shyam Jagdish"]
[Black "Martins, Bruno Andre Leite"]
[Result "0-1"]
[ECO "E04"]
[WhiteElo "2138"]
[BlackElo "2331"]
[Annotator "RC"]
[PlyCount "58"]
[EventDate "2022.08.02"]
[EventType "swiss"]
[EventCountry "POR"]
[SourceTitle "playchess.com"]
[Source "ChessBase"]
[SourceQuality "1"]
[TimeControl "5400+30"]

1. d4 Nf6 2. c4 e6 3. g3 d5 4. Bg2 dxc4 5. Nf3 Nbd7 6. Qa4 a6 7. Qxc4 b5 8. Qc6 Rb8 9. Qc2 Bb7 10. O-O c5 11. dxc5 Bxc5 12. e3 O-O 13. b3 Rc8 14. Qe2 Qe7 15. Bb2 Rfd8 16. Nc3 Ba3 17. Rac1 Bxb2 18. Qxb2 Nc5 19. Ne1 b4 20. Ne2 Bxg2 21. Kxg2 Qb7+ 22. Kg1 Nfe4 23. Nd4 Nc3 24. f3 e5 25. Ne2 N5a4 26. bxa4 Nxe2+ 27. Qxe2 Rxc1 28. Nd3 Rxf1+ 29. Kxf1 Qc6 0-1

[Event "Leca Open 2022"]
[Site "Leca da Palmeira"]
[Date "2022.08.01"]
[Round "3.13"]
[White "Verma, Aditya"]
[Black "Prieto Martin, Alfonso"]
[Result "1/2-1/2"]
[ECO "B40"]
[WhiteElo "2114"]
[BlackElo "2264"]
[Annotator "RC"]
[PlyCount "63"]
[EventDate "2022.08.02"]
[EventType "swiss"]
[EventCountry "POR"]
[SourceTitle "playchess.com"]
[Source "ChessBase"]
[SourceQuality "1"]
[TimeControl "5400+30"]

1. e4 c5 2. Nf3 e6 3. d4 cxd4 4. Nxd4 Nf6 5. Nc3 Nc6 6. g3 d5 7. Bg2 Bb4 8. exd5 Nxd5 9. O-O Nxc3 10. Nxc6 Qxd1 11. Rxd1 Nxd1 12. Nxb4 O-O 13. Nd3 Rd8 14. Rb1 e5 15. Bd2 Bf5 16. Rxd1 Rac8 17. Bf1 Rxc2 18. Bc3 f6 19. f3 h5 20. Nf2 Rxd1 21. Nxd1 Rc1 22. Ne3 Bd3 23. Kf2 Bxf1 24. Nxf1 Kf7 25. h4 Ke6 26. g4 hxg4 27. fxg4 Kd5 28. Ng3 g6 29. h5 Rc2+ 30. Kf3 gxh5 31. Nxh5 Ke6 32. Ng7+ 1/2-1/2

[Event "Leca Open 2022"]
[Site "Leca da Palmeira"]
[Date "2022.08.01"]
[Round "3.14"]
[White "Bastos Gonzalez, Gonzalo"]
[Black "Martinez Duany, Lelys Stanley"]
[Result "0-1"]
[ECO "A89"]
[WhiteElo "1946"]
[BlackElo "2497"]
[Annotator "RC"]
[PlyCount "46"]
[EventDate "2022.08.02"]
[EventType "swiss"]
[EventCountry "POR"]
[SourceTitle "playchess.com"]
[Source "ChessBase"]
[SourceQuality "1"]
[TimeControl "5400+30"]

1. c4 g6 2. g3 Bg7 3. Bg2 f5 4. Nc3 Nf6 5. Nf3 O-O 6. O-O Nc6 7. d4 d6 8. d5 Na5 9. Qd3 c5 10. Ng5 Rb8 11. Re1 a6 12. Rb1 Ng4 13. f4 b5 14. h3 Nf6 15. b3 bxc4 16. bxc4 Rb4 17. Rxb4 cxb4 18. Na4 Qc7 19. Bd2 Qxc4 20. Qxc4 Nxc4 21. Bxb4 Bd7 22. Rc1 Rc8 23. Nc3 a5 0-1

[Event "Leca Open 2022"]
[Site "Leca da Palmeira"]
[Date "2022.08.01"]
[Round "3.15"]
[White "Pintor, Simao Maciel Abranch"]
[Black "Umetsubo, Cesar Hidemitsu"]
[Result "1-0"]
[ECO "B62"]
[WhiteElo "2062"]
[BlackElo "2405"]
[Annotator "RC"]
[PlyCount "65"]
[EventDate "2022.08.02"]
[EventType "swiss"]
[EventCountry "POR"]
[SourceTitle "playchess.com"]
[Source "ChessBase"]
[SourceQuality "1"]
[TimeControl "5400+30"]

1. e4 c5 2. Nf3 d6 3. d4 cxd4 4. Nxd4 Nf6 5. Nc3 Nc6 6. Bg5 e6 7. Qd3 Bd7 8. Ndb5 Nb4 9. Qd2 a6 10. Nd4 Rc8 11. a3 Nc6 12. O-O-O b5 13. Bxb5 axb5 14. Ndxb5 Ne5 15. Nxd6+ Bxd6 16. Qxd6 Nc4 17. Bxf6 gxf6 18. Qd4 Rg8 19. Rd3 Ne5 20. Rg3 Rg6 21. f4 Nc6 22. Qd3 Qc7 23. e5 Kf8 24. Nb5 Nxe5 25. Qxg6 Bxb5 26. Qh6+ Ke7 27. Rc3 Nc4 28. f5 e5 29. Rd1 Qb7 30. b3 Nxa3 31. Rxc8 Qxc8 32. Qd2 Qc3 33. Qd8# 1-0

[Event "Leca Open 2022"]
[Site "Leca da Palmeira"]
[Date "2022.08.02"]
[Round "4.1"]
[White "Motylev, Alexander"]
[Black "Nigmatov, Ortik"]
[Result "1/2-1/2"]
[ECO "C78"]
[WhiteElo "2632"]
[BlackElo "2437"]
[Annotator "TA"]
[PlyCount "61"]
[EventDate "2022.08.02"]
[EventType "swiss"]
[EventCountry "POR"]
[SourceTitle "playchess.com"]
[Source "ChessBase"]
[SourceQuality "1"]
[TimeControl "5400+30"]

1. e4 e5 2. Nf3 Nc6 3. Bb5 a6 4. Ba4 Nf6 5. O-O Bc5 6. c3 b5 7. Bb3 d6 8. d4 Bb6 9. Be3 $1 {[%emt 0:00:06][%mdl 4] is more profitable than 9.a4 at the moment.} (9. a4 $5 ) 9... O-O {[%emt 0:00:14] C78: Ruy Lopez: Archangelsk and Möller Defences.} 10. Nbd2 Re8 11. dxe5 dxe5 12. Qe2 {[%emt 0:00:36] [#]} Na5 $146 ({Predecessor:} 12... Qe7 13. Rfd1 Na5 14. Bc2 Nh5 15. b4 Nc6 16. a4 Rb8 17. axb5 axb5 18. Bxb6 Rxb6 {0-1 (53) Majhi,A (2231)-Lampert,J (2489) Wunsiedel 2016}) 13. Bc2 c5 14. Rfd1 Qc7 15. Bg5 {[%emt 0:07:25] Bxf6 is the strong threat.} Nd7 16. Nf1 f6 17. Bh4 Nf8 18. Ne3 Be6 19. Nd5 Bxd5 20. Rxd5 Rad8 21. a4 Rxd5 22. exd5 Qd7 23. axb5 axb5 24. Nd2 f5 {[%emt 0:13:58] Inhibits Ne4.} ({Less strong is} 24... Qxd5 25. b4 Nc4 26. Bb3 $16) 25. Bg3 ({White should play} 25. Bg5 $16) 25... c4 $11 26. Nf3 e4 27. Nd4 Ng6 {[%emt 0:04:41] [#] aiming for ...f4.} 28. h4 $1 {[%emt 0:00:46] The position is equal.} f4 29. Bh2 f3 30. gxf3 Nxh4 31. Bxe4 {[%emt 0:01:59] Weighted Error Value: White=0.13 (very precise) /Black=0.07 (flawless)} 1/2-1/2

[Event "Leca Open 2022"]
[Site "Leca da Palmeira"]
[Date "2022.08.02"]
[Round "4.2"]
[White "Krishna C R G"]
[Black "Spraggett, Kevin"]
[Result "1/2-1/2"]
[ECO "E69"]
[WhiteElo "2430"]
[BlackElo "2487"]
[Annotator "RC"]
[PlyCount "142"]
[EventDate "2022.08.02"]
[EventType "swiss"]
[EventCountry "POR"]
[SourceTitle "playchess.com"]
[Source "ChessBase"]
[SourceQuality "1"]
[TimeControl "5400+30"]

1. d4 Nf6 2. c4 d6 3. g3 g6 4. Bg2 Bg7 5. Nf3 O-O 6. Nc3 Nbd7 7. O-O e5 8. e4 c6 9. h3 exd4 10. Nxd4 Qb6 11. Nc2 Ne5 12. b3 Qa5 13. Bd2 Qc7 14. Be3 Re8 15. f4 Ned7 16. Qd2 Qa5 17. Nd4 Nc5 18. Bf2 Qc7 19. Rfe1 a5 20. Rad1 Nfd7 21. Ndb5 cxb5 22. Nxb5 Qb8 23. Nxd6 Rf8 24. e5 Ra6 25. Qc2 Qc7 26. Nb5 Qb8 27. Nd6 Qc7 28. a3 Ne6 29. Qd2 Rd8 30. Qd5 Nb6 31. Qf3 Bf8 32. Nxc8 Qxc8 33. Qxb7 Nc5 34. Qxc8 Rxc8 35. b4 axb4 36. axb4 Nxc4 37. bxc5 Bxc5 38. Bxc5 Rxc5 39. Rd8+ Kg7 40. Rd7 Nb6 41. Rd6 Rc2 42. Bf1 Ra3 43. Rxb6 Rxg3+ 44. Kh1 Rf3 45. Rb7 Kf8 46. Rd1 Rc8 47. Rb4 Rc2 48. Rb8+ Kg7 49. Rb7 Rcf2 50. Bg2 Rg3 51. Bf1 Rxf4 52. e6 Re3 53. e7 Rfe4 54. Rdd7 Rf4 55. Bg2 Rf2 56. Kg1 Rf6 57. Rdc7 Re2 58. Bd5 Re1+ 59. Kh2 Re2+ 60. Kg1 Re1+ 61. Kg2 Re2+ 62. Kg3 Re3+ 63. Kh2 Re2+ 64. Bg2 Rff2 65. Kh1 Re1+ 66. Kh2 Ree2 67. Kh1 Re1+ 68. Kh2 Ree2 69. e8=N+ Kf8 70. Nd6 Rxg2+ 71. Kh1 Rh2+ 1/2-1/2

[Event "Leca Open 2022"]
[Site "Leca da Palmeira"]
[Date "2022.08.02"]
[Round "4.3"]
[White "Das, Sayantan"]
[Black "Akhvlediani, Irakli"]
[Result "1-0"]
[ECO "B36"]
[WhiteElo "2449"]
[BlackElo "2429"]
[Annotator "RC"]
[PlyCount "83"]
[EventDate "2022.08.02"]
[EventType "swiss"]
[EventCountry "POR"]
[SourceTitle "playchess.com"]
[Source "ChessBase"]
[SourceQuality "1"]
[TimeControl "5400+30"]

1. e4 c5 2. Nf3 g6 3. d4 cxd4 4. Nxd4 Nc6 5. c4 Nf6 6. Nc3 d6 7. Be2 Nxd4 8. Qxd4 Bg7 9. Be3 O-O 10. Qd2 Be6 11. Rc1 a5 12. O-O a4 13. f3 Qa5 14. Rc2 Rfc8 15. b3 axb3 16. axb3 Qb4 17. Rb1 Nd7 18. Nb5 Qxd2 19. Rxd2 Ne5 20. f4 Nc6 21. Kf2 Nb4 22. Bf3 Ra2 23. Rxa2 Nxa2 24. Bd4 Nb4 25. Bxg7 Kxg7 26. Ra1 Bd7 27. Nc3 Bc6 28. Ra7 e5 29. fxe5 Nd3+ 30. Ke3 Nxe5 31. Be2 b6 32. Ra6 Rb8 33. b4 Nd7 34. Ra7 Rb7 35. Rxb7 Bxb7 36. Nb5 Kf6 37. Nxd6 Bc6 38. Kd4 Ke7 39. Nc8+ Ke6 40. Bg4+ f5 41. exf5+ gxf5 42. Bxf5+ 1-0

[Event "Leca Open 2022"]
[Site "Leca da Palmeira"]
[Date "2022.08.02"]
[Round "4.4"]
[White "Pierrot, Facundo"]
[Black "Stella, Andrea"]
[Result "1/2-1/2"]
[ECO "B51"]
[WhiteElo "2371"]
[BlackElo "2443"]
[Annotator "RC"]
[PlyCount "60"]
[EventDate "2022.08.02"]
[EventType "swiss"]
[EventCountry "POR"]
[SourceTitle "playchess.com"]
[Source "ChessBase"]
[SourceQuality "1"]
[TimeControl "5400+30"]

1. e4 c5 2. Nf3 d6 3. Bb5+ Nd7 4. d4 cxd4 5. Qxd4 a6 6. Bxd7+ Bxd7 7. O-O Nf6 8. Bg5 e6 9. c4 Be7 10. h3 Bc6 11. Nc3 O-O 12. Rfd1 h6 13. Be3 b5 14. b4 bxc4 15. Qxc4 Qc8 16. Nd2 d5 17. exd5 Nxd5 18. Nxd5 Bxd5 19. Qg4 e5 20. a3 f5 21. Qe2 f4 22. Bc5 Bxc5 23. bxc5 Qxc5 24. Qxe5 Rae8 25. Qh5 Qc6 26. Nf3 Bxf3 27. Qxf3 Qxf3 28. gxf3 Re5 29. Rac1 Rg5+ 30. Kf1 Rh5 1/2-1/2

[Event "Leca Open 2022"]
[Site "Leca da Palmeira"]
[Date "2022.08.02"]
[Round "4.5"]
[White "Abdisalimov, Abdimalik"]
[Black "Buscara, Sevan"]
[Result "1/2-1/2"]
[ECO "D31"]
[WhiteElo "2437"]
[BlackElo "2404"]
[Annotator "RC"]
[PlyCount "123"]
[EventDate "2022.08.02"]
[EventType "swiss"]
[EventCountry "POR"]
[SourceTitle "playchess.com"]
[Source "ChessBase"]
[SourceQuality "1"]
[TimeControl "5400+30"]

1. d4 d5 2. c4 e6 3. Nc3 a6 4. cxd5 exd5 5. Nf3 Nf6 6. Qb3 Be7 7. Bg5 c6 8. e3 a5 9. Bd3 O-O 10. O-O Na6 11. Ne5 Nb4 12. Be2 Bf5 13. Rfc1 Ne8 14. Bxe7 Qxe7 15. a3 Na6 16. Na4 Nd6 17. Nb6 Ra7 18. Qc3 Nc7 19. Qc5 Nc8 20. b4 axb4 21. axb4 Rxa1 22. Rxa1 Qxc5 23. bxc5 Nxb6 24. cxb6 Ne8 25. g4 Bc8 26. Nd3 Nd6 27. Nc5 Re8 28. Ra8 Kf8 29. f3 f5 30. gxf5 Bxf5 31. Ra3 g5 32. Kf2 h5 33. Ra7 Re7 34. Ra8+ Re8 35. Ra1 Kf7 36. Ra3 Re7 37. Bf1 g4 38. fxg4 hxg4 39. Ra8 Kg7 40. Be2 Kf7 41. Rd8 Nc4 42. Rb8 Nd6 43. Ke1 Kg6 44. Kf2 Rh7 45. Kg1 Re7 46. Bf1 Kg5 47. Kf2 Kh4 48. Rh8+ Rh7 49. Rf8 Bc8 50. Rd8 Rh6 51. Kg2 Bf5 52. Rf8 Be4+ 53. Kg1 Kg5 54. Be2 Bf5 55. Rg8+ Kh4 56. Rg7 Rh7 57. Rg8 Rf7 58. Rd8 Nc8 59. Ba6 Nxb6 60. Nxb7 Nc4 61. Bxc4 Rxb7 62. Rh8+ 1/2-1/2

[Event "Leca Open 2022"]
[Site "Leca da Palmeira"]
[Date "2022.08.02"]
[Round "4.6"]
[White "Martins, Bruno Andre Leite"]
[Black "Perez Candelario, Manuel"]
[Result "1/2-1/2"]
[ECO "B42"]
[WhiteElo "2331"]
[BlackElo "2578"]
[Annotator "TA"]
[PlyCount "59"]
[EventDate "2022.08.02"]
[EventType "swiss"]
[EventCountry "POR"]
[SourceTitle "playchess.com"]
[Source "ChessBase"]
[SourceQuality "1"]
[TimeControl "5400+30"]

1. e4 c5 2. Nf3 e6 3. d4 cxd4 4. Nxd4 a6 5. Bd3 Nf6 6. O-O d6 7. c4 Nbd7 8. Nc3 Be7 9. Be3 O-O 10. f4 Re8 {B42: Sicilian: Kan Variation: 5 Bd3.} 11. a3 Bf8 {[#]} (11... e5 {feels hotter.} 12. Nf5 Bf8 13. Bc2 exf4 14. Bxf4 Ne5) 12. b4 $146 ({Predecessor:} 12. Kh1 g6 13. b4 Bg7 14. Rc1 Qc7 15. Nb3 b6 16. Qe2 Bb7 17. Bd2 Rac8 18. a4 {1-0 (70) Huebner,R (2620)-Sunye Neto,J (2475) Wijk aan Zee 1982}) 12... g6 (12... e5 $11) 13. Rc1 Bg7 14. Nb3 h5 15. Be2 {Inhibits Ng4.} Qe7 16. c5 {Prevents b6.} dxc5 17. bxc5 Rd8 18. Qc2 Ng4 (18... Nb8 $16 {was necessary.}) 19. Bxg4 $18 hxg4 20. e5 {Against Nf6} Nf8 21. Ne4 Bd7 22. Na5 Bb5 23. Rfd1 {Inhibits Bd3.} (23. Nc4 $18) 23... Qc7 $16 24. Nc4 Rxd1+ 25. Rxd1 Nd7 26. Ncd6 {[%cal Od6f7] Nxf7! is the strong threat. 0x0.00144c127915dp-1022s more active pieces.} Nb6 $2 (26... Qa5 $16) 27. Nc3 $2 {Pair of Knights!} (27. Ng5 $18 Nd5 28. Ndxf7 $1) 27... Nd7 28. Nce4 $2 (28. Rc1 $16) 28... Nb6 $1 $18 29. Nc3 $2 (29. Ng5 $18 {and the rest is easy.} Nd5 {[#]} 30. Ndxf7 $1) 29... Nd7 $1 $16 30. Nce4 {Weighted Error Value: White=0.54/Black=0.26 (precise)} ({White should play} 30. Rc1 $16) 1/2-1/2

[Event "Leca Open 2022"]
[Site "Leca da Palmeira"]
[Date "2022.08.02"]
[Round "4.7"]
[White "Martinez Duany, Lelys Stanley"]
[Black "Padeiro, Jose"]
[Result "1-0"]
[ECO "A06"]
[WhiteElo "2497"]
[BlackElo "2216"]
[Annotator "RC"]
[PlyCount "87"]
[EventDate "2022.08.02"]
[EventType "swiss"]
[EventCountry "POR"]
[SourceTitle "playchess.com"]
[Source "ChessBase"]
[SourceQuality "1"]
[TimeControl "5400+30"]

1. Nf3 d5 2. c4 c6 3. Qc2 Nf6 4. d4 e6 5. g3 Be7 6. Bg2 O-O 7. O-O b6 8. Bg5 Bb7 9. Bxf6 Bxf6 10. Rd1 Na6 11. Nc3 Rc8 12. Rac1 Rc7 13. Qa4 Qa8 14. cxd5 exd5 15. b4 Re7 16. b5 Nc7 17. bxc6 Bxc6 18. Qb3 b5 19. e3 a5 20. Ne2 Ne6 21. Nf4 Nxf4 22. gxf4 a4 23. Qb4 Re6 24. f5 Be7 25. Qb1 Rh6 26. Ne5 Be8 27. Qc2 b4 28. Qc8 Qxc8 29. Rxc8 b3 30. axb3 axb3 31. Bxd5 Rb6 32. Rb1 b2 33. Rxe8 Rxe8 34. Bxf7+ Kf8 35. Bxe8 Kxe8 36. Kf1 Bf6 37. Nd3 Rb5 38. Rxb2 Rxf5 39. f4 Ra5 40. Ke2 g5 41. fxg5 Rxg5 42. Kf3 h5 43. Rb8+ Kf7 44. Rb7+ 1-0

[Event "Leca Open 2022"]
[Site "Leca da Palmeira"]
[Date "2022.08.02"]
[Round "4.8"]
[White "Grieve, Harry"]
[Black "Verma, Aditya"]
[Result "1/2-1/2"]
[ECO "B76"]
[WhiteElo "2390"]
[BlackElo "2114"]
[Annotator "RC"]
[PlyCount "81"]
[EventDate "2022.08.02"]
[EventType "swiss"]
[EventCountry "POR"]
[SourceTitle "playchess.com"]
[Source "ChessBase"]
[SourceQuality "1"]
[TimeControl "5400+30"]

1. e4 c5 2. Nf3 d6 3. d4 cxd4 4. Nxd4 Nf6 5. Nc3 g6 6. Be3 Bg7 7. f3 Nc6 8. Qd2 O-O 9. O-O-O d5 10. Qe1 e5 11. Nxc6 bxc6 12. exd5 Nxd5 13. Bc4 Be6 14. Ne4 Qc7 15. Bc5 Rfd8 16. Qh4 h6 17. g4 Nf4 18. Bxe6 Nxe6 19. Be3 Nf4 20. Qf2 Qa5 21. Kb1 Rd5 22. c4 Rdd8 23. Nc5 Qc7 24. Qc2 Qe7 25. Rxd8+ Rxd8 26. Rd1 Rxd1+ 27. Qxd1 Qh4 28. Qd2 Qh3 29. Bxf4 exf4 30. Qf2 f5 31. gxf5 Qxf5+ 32. Ne4 Qe5 33. Qe2 Kh7 34. a3 Qd4 35. Nc3 Qc5 36. Kc2 Qd4 37. Kc1 Qc5 38. Kd2 Qg1 39. Kc2 Qc5 40. Kb3 Qb6+ 41. Kc2 1/2-1/2

[Event "Leca Open 2022"]
[Site "Leca da Palmeira"]
[Date "2022.08.02"]
[Round "4.9"]
[White "Prieto Martin, Alfonso"]
[Black "Pintor, Simao Maciel Abranch"]
[Result "1-0"]
[ECO "B34"]
[WhiteElo "2264"]
[BlackElo "2062"]
[Annotator "RC"]
[PlyCount "101"]
[EventDate "2022.08.02"]
[EventType "swiss"]
[EventCountry "POR"]
[SourceTitle "playchess.com"]
[Source "ChessBase"]
[SourceQuality "1"]
[TimeControl "5400+30"]

1. e4 c5 2. Nf3 g6 3. d4 cxd4 4. Nxd4 Nc6 5. Nc3 Bg7 6. Be3 Nf6 7. f3 O-O 8. g4 Qb6 9. Rb1 Nxg4 10. fxg4 Bxd4 11. Nd5 Qc5 12. b4 Nxb4 13. Bxd4 Nxc2+ 14. Qxc2 Qxd4 15. Nxe7+ Kg7 16. Qd3 Qe5 17. Nd5 d6 18. Be2 Re8 19. O-O Qxe4 20. Nc7 Qxe2 21. Qxe2 Rxe2 22. Nxa8 Rxa2 23. Rf2 Ra4 24. h3 Ra3 25. Kh2 h5 26. Rb4 Rc3 27. Rd2 b6 28. Ra4 b5 29. Rxa7 hxg4 30. hxg4 Bxg4 31. Nc7 Rh3+ 32. Kg2 Rb3 33. Ne8+ Kh6 34. Nxd6 f5 35. Raa2 f4 36. Rab2 Rg3+ 37. Kf1 g5 38. Rxb5 Bh3+ 39. Ke2 Kh5 40. Rd4 Rg2+ 41. Kf3 Rg3+ 42. Kf2 Rg2+ 43. Kf3 Rg3+ 44. Ke2 Rg2+ 45. Kd3 Rg3+ 46. Kc2 f3 47. Ne4 Rg1 48. Rdd5 Rg2+ 49. Rd2 Bd7 50. Rxg2 Bxb5 51. Rxg5+ 1-0

[Event "Leca Open 2022"]
[Site "Leca da Palmeira"]
[Date "2022.08.02"]
[Round "4.10"]
[White "Garcia Dorado, Alberto"]
[Black "Rego, Pedro Filipe"]
[Result "1/2-1/2"]
[ECO "D35"]
[WhiteElo "2206"]
[BlackElo "2251"]
[Annotator "RC"]
[PlyCount "27"]
[EventDate "2022.08.02"]
[EventType "swiss"]
[EventCountry "POR"]
[SourceTitle "playchess.com"]
[Source "ChessBase"]
[SourceQuality "1"]
[TimeControl "5400+30"]

1. d4 Nf6 2. c4 e6 3. Nc3 d5 4. cxd5 exd5 5. Bg5 c6 6. e3 h6 7. Bh4 Bf5 8. Bd3 Bxd3 9. Qxd3 Nbd7 10. Nf3 Bd6 11. Bg3 Bxg3 12. hxg3 Qe7 13. O-O O-O 14. Rab1 1/2-1/2

[Event "Leca Open 2022"]
[Site "Leca da Palmeira"]
[Date "2022.08.02"]
[Round "4.11"]
[White "Pinho, Tiago Filipe"]
[Black "Panesar Vedant"]
[Result "0-1"]
[ECO "C45"]
[WhiteElo "1972"]
[BlackElo "2318"]
[Annotator "RC"]
[PlyCount "116"]
[EventDate "2022.08.02"]
[EventType "swiss"]
[EventCountry "POR"]
[SourceTitle "playchess.com"]
[Source "ChessBase"]
[SourceQuality "1"]
[TimeControl "5400+30"]

1. e4 e5 2. Nf3 Nc6 3. d4 exd4 4. Nxd4 Nf6 5. Nxc6 bxc6 6. e5 Qe7 7. Qe2 Nd5 8. h4 Qe6 9. g3 Nb4 10. c4 Qg6 11. Na3 Bc5 12. h5 Qf5 13. g4 Qe6 14. f4 d6 15. Be3 Bxe3 16. Qxe3 O-O 17. O-O-O Nxa2+ 18. Kb1 Nb4 19. Bh3 dxe5 20. g5 Qe7 21. Qxe5 Qxe5 22. fxe5 Bxh3 23. Rxh3 Rad8 24. Kc1 Rxd1+ 25. Kxd1 Rd8+ 26. Ke2 Kf8 27. Rb3 a5 28. g6 hxg6 29. hxg6 fxg6 30. Rg3 Kf7 31. Rf3+ Ke6 32. Rg3 Kf5 33. Nb1 Re8 34. Rf3+ Kg4 35. Re3 Nc2 36. Rd3 Rxe5+ 37. Kf2 Re4 38. Rd7 Rxc4 39. Rxg7 g5 40. Rxc7 Nb4 41. Nd2 Rc2 42. Ke1 Rxb2 43. Nc4 Ra2 44. Ne5+ Kf4 45. Nxc6 Nxc6 46. Rxc6 Ra4 47. Kf2 Re4 48. Rc3 Kf5 49. Kf3 g4+ 50. Kg3 a4 51. Rc5+ Ke6 52. Rc3 Kd5 53. Rc8 Rc4 54. Rb8 Kc5 55. Rb7 a3 56. Rb8 Ra4 57. Rb1 a2 58. Ra1 Kc4 0-1

[Event "Leca Open 2022"]
[Site "Leca da Palmeira"]
[Date "2022.08.02"]
[Round "4.12"]
[White "Goncalves, Samuel Jesus P"]
[Black "Touzane, Olivier"]
[Result "1/2-1/2"]
[ECO "D71"]
[WhiteElo "1957"]
[BlackElo "2266"]
[Annotator "RC"]
[PlyCount "188"]
[EventDate "2022.08.02"]
[EventType "swiss"]
[EventCountry "POR"]
[SourceTitle "playchess.com"]
[Source "ChessBase"]
[SourceQuality "1"]
[TimeControl "5400+30"]

1. d4 Nf6 2. c4 g6 3. g3 c5 4. d5 b5 5. cxb5 a6 6. bxa6 Bg7 7. Bg2 d6 8. Nc3 Bxa6 9. Nf3 Nbd7 10. Rb1 O-O 11. O-O Nb6 12. b3 Bb7 13. e4 e6 14. dxe6 fxe6 15. Ng5 Qd7 16. Bb2 h6 17. e5 Nfd5 18. Nxd5 Bxd5 19. Ne4 dxe5 20. Qg4 Qf7 21. a3 Ra5 22. Rbc1 h5 23. Qd1 Nd7 24. Qe1 Rfa8 25. Qe3 Qe7 26. Rfd1 Rb8 27. Qd2 Ra7 28. Nxc5 Nxc5 29. Bxd5 Nxb3 30. Bxb3 Rxb3 31. Rc3 Rb5 32. Re3 Kh7 33. Qe2 Qc5 34. Re1 Raa5 35. Rc3 Qb6 36. Bc1 Rb1 37. Qc2 Rab5 38. Rf1 Qd4 39. Rc6 Qd5 40. Rd1 R5b2 41. Qa4 Qf3 42. Rf1 Re2 43. Rc7 Rb7 44. Rc8 Rf7 45. Qc6 e4 46. Qb6 Qf5 47. Be3 g5 48. Qc5 e5 49. Qc4 Qf3 50. Rc7 Rxc7 51. Qxc7 h4 52. Qd7 hxg3 53. Qh3+ Kg6 54. Qxg3 Qxg3+ 55. hxg3 Ra2 56. Bc5 g4 57. Rd1 Kf5 58. Re1 Bh6 59. Kf1 Bd2 60. Re2 Ra1+ 61. Kg2 Bc3 62. Bf8 Bd4 63. Bb4 Ba7 64. Bf8 e3 65. fxe3 Ke4 66. Bd6 Rd1 67. Bc7 Rd7 68. Ba5 Rd1 69. Bc7 Rd3 70. a4 Rc3 71. Bd8 Ra3 72. a5 Kd3 73. Kf2 e4 74. Bc7 Ra1 75. Bf4 Rxa5 76. Rb2 Kc3 77. Re2 Ra3 78. Bd6 Ra6 79. Bf4 Ra5 80. Re1 Kd2 81. Re2+ Kd3 82. Rb2 Bc5 83. Re2 Bb4 84. Rb2 Bc3 85. Rb7 Ra2+ 86. Kf1 Ra1+ 87. Kf2 Be1+ 88. Kg2 Bc3 89. Kf2 Ra2+ 90. Kf1 Rh2 91. Rd7+ Kc2 92. Re7 Kd3 93. Rd7+ Kc2 94. Re7 Kd3 1/2-1/2

[Event "Leca Open 2022"]
[Site "Leca da Palmeira"]
[Date "2022.08.02"]
[Round "4.13"]
[White "Guia, Artur Solovyov Eloy"]
[Black "Balaji, Aaravamudhan"]
[Result "0-1"]
[ECO "A45"]
[WhiteElo "1916"]
[BlackElo "2228"]
[Annotator "RC"]
[PlyCount "112"]
[EventDate "2022.08.02"]
[EventType "swiss"]
[EventCountry "POR"]
[SourceTitle "playchess.com"]
[Source "ChessBase"]
[SourceQuality "1"]
[TimeControl "5400+30"]

1. d4 Nf6 2. Bg5 g6 3. Bxf6 exf6 4. c4 d5 5. cxd5 Qxd5 6. Nc3 Qd8 7. Nf3 Bd6 8. e3 f5 9. Bc4 Nd7 10. O-O O-O 11. Nb5 Be7 12. Rc1 c6 13. Nc3 Nf6 14. Qd3 Qa5 15. Rfd1 b5 16. Bb3 Ba6 17. Qd2 b4 18. Na4 Ne4 19. Qe1 Bd6 20. Nd2 Qc7 21. Nxe4 fxe4 22. g3 Bb5 23. Nc5 Rae8 24. Qxb4 Be2 25. Re1 Rb8 26. Qc3 Bf3 27. Bc4 Qc8 28. Bf1 h5 29. Qc2 Qf5 30. Bg2 Bxg2 31. Kxg2 Bxc5 32. dxc5 Qf3+ 33. Kg1 h4 34. gxh4 Rfe8 35. Qe2 Qh3 36. Kh1 Re5 37. Rg1 Qxh4 38. Rg2 Rf5 39. b3 Rd8 40. Rcg1 Rdd5 41. Qb2 Kh7 42. b4 Rh5 43. Qe2 Rdf5 44. Qg4 Qe7 45. a3 Rf3 46. Rd1 Rfh3 47. Qf4 Qe6 48. Rd6 Qc4 49. Rd7 Rf3 50. Qd6 Rh6 51. Qd1 a6 52. Rd8 Rf6 53. Qa1 g5 54. Rxg5 Qe2 55. Qg1 Rfg6 56. Qg4 Qxg4 0-1